 Dungeon Crawl Stone Soup version 0.24.0-41-g2ae2f7f1be (webtiles) character file.

Game seed: 11193761088362185421, levelgen mode: deterministic

138 Dookie the Magician (level 4, -13/35 HPs)
             Began as a Demigod Wizard on Nov 26, 2019.
             Mangled by an ogre
             ... wielding a +0 giant club
              (27 damage)
             ... on level 5 of the Dungeon on Dec 11, 2019.
             The game lasted 00:32:30 (4374 turns).

Dookie the Magician (Demigod Wizard)                Turns: 4374, Time: 00:32:30

Health: -13/35     AC:  6    Str: 10    XL:     4   Next: 70%
Magic:  10/12      EV: 10    Int: 24    God:
Gold:   231        SH:  0    Dex: 14    Spells: 2/10 levels left

rFire    . . .     SeeInvis .   l - +2 dagger (drain)
rCold    . . .     Gourm    .   (no shield)
rNeg     . . .     Faith    .   v - +0 ring mail
rPois    .         Spirit   .   b - +0 hat
rElec    .         Reflect  .   o - +0 cloak
rCorr    .         Harm     .   (no gloves)
MR       .....                  (no boots)
Stlth    +.........             (no amulet)
HPRegen  0.11/turn              (no ring)
MPRegen  0.13/turn              (no ring)

@: very slightly contaminated
A: high mp 1
a: no special abilities


You were on level 5 of the Dungeon.
You were not hungry.

You visited 1 branch of the dungeon, and saw 5 of its levels.

You collected 231 gold pieces.

Inventory:

Hand Weapons
 l - a +2 dagger of draining (weapon)
 s - a +0 falchion
 u - a +0 flail
Armour
 a - a +0 robe
 b - a +0 hat (worn)
 o - a +0 cloak (worn)
 v - a +0 ring mail (worn)
Jewellery
 j - a cursed -5 ring of protection {unknown}
Wands
 d - a wand of digging (7)
Scrolls
 f - a scroll of blinking {unknown}
 h - 4 scrolls of remove curse {unknown}
 i - a scroll of immolation {unknown}
 m - a scroll of random uselessness {unknown}
 n - 4 scrolls of identify {unknown}
 t - a scroll of teleportation {unknown}
Potions
 c - 2 potions of curing {unknown}
 e - a potion of cancellation {unknown}
 g - 2 potions of heal wounds {unknown}
 k - a potion of lignification {unknown}
 q - a potion of mutation {unknown}
 r - 2 potions of agility {unknown}
Comestibles
 p - 2 rations


   Skills:
 + Level 1.0 Fighting
 + Level 1.0 Short Blades
 - Level 1.7 Dodging
 - Level 1.7 Stealth
 - Level 3.6 Spellcasting
 + Level 3.0 Conjurations
 - Level 0.8 Summonings
   Level 0.8 Translocations


You had 2 spell levels left.
You knew the following spells:

 Your Spells              Type           Power        Failure   Level  Hunger
a - Magic Dart            Conj           ###.         8%          1    None
b - Call Imp              Summ           #.......     28%         2    #......
c - Slow                  Hex            #.......     38%         2    #......
d - Conjure Flame         Conj/Fire      ##......     41%         3    ###....

Your spell library contained the following spells:

 Spells                   Type           Power        Failure   Level  Hunger
 Blink                    Tloc           N/A          28%         2    #......
 Mephitic Cloud           Conj/Pois/Air  #.......     47%         3    ###....


Dungeon Overview and Level Annotations

Branches:
Dungeon (5/15)
 Temple: D:4-7


Innate Abilities, Weirdness & Mutations

You have an increased reservoir of magic. (+10% MP)


Message History

The ogre seems to slow down.
The ogre is no longer moving slowly.
You see here a ration.
p - 2 rations (gained 1)
The phantom blinks!
There is a stone staircase leading down here.
The ogre hits you with a +0 giant club.
You climb downwards.
There is a stone staircase leading up here.
Casting: Slow (safe; 38% risk of failure)
Confirm with . or Enter, or press ? or * to list all spells.
Aiming: Slow (safe; 38% risk of failure)
Press: ? - help, Shift-Dir - straight line, f - ogre
Aim: an ogre, wielding a +0 giant club (lightly wounded, chance to defeat MR: 37%)
You miscast Slow.
You are very lightly contaminated with residual magic.
Nothing appears to happen.
The ogre hits you with a +0 giant club!!
Ouch! That really hurt!
You die...

. #. .## #. ..#
#. #.# #. #.# #.
#.# #. #<#
..####.########.#
.......@O.......#
#####..##########
#.! #>. #.. #[#
#. #.


You could see an ogre.

Vanquished Creatures
  3 gnolls (D:4)
  3 adders (D:3)
  2 worms
  4 dart slugs
  A leopard gecko (D:4)
  5 orcs
  4 ball pythons
  3 giant cockroaches
  3 goblins
  3 hobgoblins
  5 jackals
  3 kobolds
  3 quokkas (D:2)
  3 bats (D:1)
  4 frilled lizards
  A leopard gecko skeleton (D:4)
  A quokka skeleton (D:4)
  19 rats
70 creatures vanquished.

Notes
Turn   | Place    | Note
-------+----------+-------------------------------------------
     0 | D:1      | Dookie the Demigod Wizard began the quest for the Orb.
     0 | D:1      | Reached XP level 1. HP: 14/14 MP: 6/6
    17 | D:1      | Reached skill level 1 in Conjurations
   496 | D:1      | Reached XP level 2. HP: 19/20 MP: 4/8
   503 | D:1      | Learned a level 2 spell: Call Imp
   506 | D:1      | Learned a level 2 spell: Slow
  1490 | D:2      | Found an opulent altar of Gozag.
  1651 | D:2      | Reached XP level 3. HP: 23/26 MP: 8/10
  1869 | D:2      | Learned a level 3 spell: Conjure Flame
  2480 | D:2      | Upgraded the game from 0.24.0-37-gcf1ca852f1 to
                  | 0.24.0-41-g2ae2f7f1be
  2643 | D:3      | Found a burning altar of Makhleb.
  2850 | D:3      | Found a glowing golden altar of the Shining One.
  2963 | D:3      | Found a hide-covered altar of Uskayaw.
  3055 | D:3      | Reached XP level 4. HP: 26/33 MP: 12/12
  4080 | D:4      | Reached skill level 1 in Fighting
  4097 | D:4      | Reached skill level 1 in Short Blades
  4235 | D:4      | Noticed an ogre
  4298 | D:4      | Noticed a phantom
  4364 | D:5      | Entered Level 5 of the Dungeon
  4374 | D:5      | Mangled by an ogre

Levels and vault maps discovered:
D:1:      nicolae_arrival_somewhat_less_tricky_arrival, layout_basic
D:2:      layout_basic, grunt_gozag_breadcrumbs, minmay_rat_hole
D:3:      layout_loops_ring, lemuel_round_altar, tso_metal_star,
          old_standard_altar, first_ration
D:4:      layout_cave_pools, nicolae_overflow_hidden_temple, zin_angel,
          lemuel_altar_in_water
D:5:      layout_loops_ring, kennysheep_mini_moat, overflow_temple_1_default,
          minmay_temple_entry_proselytizer, grunt_dithmenos_shadows

Skill      XL: |  1  2  3  4 |
---------------+-------------+-----
Conjurations   | 1 2 3 |  3.0
Spellcasting   | 3 |  3.6
Fighting       | 1 |  1.0
Short Blades   | 1 |  1.0
Dodging        | |  1.7
Stealth        | |  1.7
Summonings     | |  0.8
Translocations | |  0.8

Action                   |  1- 3 |  4- 6 || total
-------------------------+-------+-------++-------
Melee: Unarmed           |     2 |       ||     2
       Dagger            |    62 |    36 ||    98
 Cast: Magic Dart        |    85 |    42 ||   127
       Slow              |     2 |     6 ||     8
       Conjure Flame     |     1 |       ||     1
  Eat: Ration            |     2 |     1 ||     3
       Chunk             |     1 |       ||     1
Armor: Robe              |    11 |     2 ||    13
Dodge: Dodged            |    53 |    25 ||    78
